 Dungeon Crawl Stone Soup version 0.21.0 (webtiles) character file.

37 tidbits the Sneak (level 3, -3/14 HPs)
             Began as a Felid Air Elementalist on Jan 7, 2018.
             Was an Initiate of Zin.
             Slain by a leopard gecko (5 damage)
             ... on level 2 of the Dungeon.
             The game lasted 00:03:25 (480 turns).

tidbits the Sneak (Felid Air Elementalist)           Turns: 480, Time: 00:03:27

Health: -3/14      AC:  1    Str:  5    XL:     3   Next: 23%
Magic:  5/7        EV: 18    Int: 16    God:    Zin [......]
Gold:   45         SH:  0    Dex: 16    Spells: 5/6 levels left
                                        Lives:  0   Deaths: 0

rFire    . . .     SeeInvis +     - Unarmed
rCold    . . .     Gourm    .   (shield unavailable)
rNeg     . . .     Faith    .   (armour unavailable)
rPois    .         Spirit   .   (helmet unavailable)
rElec    .         Reflect  .   (cloak unavailable)
rCorr    .         Harm     .   (gloves unavailable)
MR       .....                  (boots unavailable)
Stlth    +++.......             (no amulet)
HPRegen  0.04/turn              (no ring)
MPRegen  0.10/turn              (no ring)

@: quick
A: very small, no armour, no weapons or thrown items, stealth, claws 1, fangs 3,
see invisible, carnivore, speed 1, shaggy fur 1, slow metabolism 1, sharp paws
a: Donate Gold, Renounce Religion


You were on level 2 of the Dungeon.
You worshipped Zin.
Zin was noncommittal.
You were full.

You visited 1 branch of the dungeon, and saw 3 of its levels.

You collected 49 gold pieces.
You donated 4 gold pieces to Zin.

Inventory:

Scrolls
 d - 3 scrolls of magic mapping {unknown}
 e - a scroll of enchant weapon {unknown}
 g - a scroll of amnesia {unknown}
 h - 2 scrolls of remove curse {unknown}
Potions
 c - a potion of might {unknown}
 f - a potion of flight {unknown}
Books
 a - a book of Air

   Spells                             Type                      Level
   a - Shock                          Conjuration/Air              1
   b - Swiftness                      Charms/Air                   2
   c - Static Discharge               Conjuration/Air              3
   d - Airstrike                      Air                          4
   e - Lightning Bolt                 Conjuration/Air              5
Comestibles
 b - 2 rations


   Skills:
 - Level 2.6 Dodging
 + Level 4.1 Stealth
 + Level 2.0 Unarmed Combat
 - Level 2.0 Spellcasting
 - Level 0.8 Conjurations
 - Level 2.6 Air Magic


You had 5 spell levels left.
You knew the following spells:

 Your Spells              Type           Power        Failure   Level  Hunger
a - Shock                 Conj/Air       #...         10%         1    #......


Dungeon Overview and Level Annotations

Branches:
Dungeon (3/15)

Altars:
Vehumet
Zin

Annotations:
D:3 Sigmund


Innate Abilities, Weirdness & Mutations

You cannot wear armour.
You are incapable of wielding weapons or throwing items.
Your paws allow you to move quietly. (Stealth)
You have sharp claws.
You have razor-sharp teeth.
You have supernaturally acute eyesight. (SInv)
You are carnivorous and can eat meat at any time.
You cover ground quickly.
You are covered in fur. (AC +1)
You have a slow metabolism.
Your sharp claws are effective at attacking unaware monsters.


Message History

The zap hits the leopard gecko.
You kill the leopard gecko!
The frilled lizard closely misses you.
An orc comes into view. It is wielding a flail.
Found 11 gold pieces.
You see here 24 stones.
Found a scroll labeled NOMNOU TIKKIFF.
An orc priest comes into view. It is wielding a club.
Found a radiant altar of Vehumet.
Sigmund the Dreaded comes into view.
He is wielding a scythe.
The frilled lizard closely misses you.
A gnoll and an orc come into view.
Casting: Shock
Confirm with . or Enter, or press ? or * to list all spells.
Aiming: Shock
Press: ? - help, Shift-Dir - straight line The zap hits the frilled lizard.
You kill the frilled lizard!
The gnoll shouts!
You hear a shout! x2
Found a whip and 17 arrows.
You see here 16 gold pieces.
You pay a tithe of 1 gold.
You now have 45 gold pieces (gained 15).
The orc closely misses you.
You see here a scroll labeled PODUAL GAIWIUFA.
h - 2 scrolls labeled PODUAL GAIWIUFA (gained 1)
The orc barely misses you.
The gnoll shouts!
There is a stone staircase leading up here.
The gnoll hits you from afar with a spear.
* * * LOW HITPOINT WARNING * * *
You climb upwards.
A hobgoblin comes into view. It is wielding a club.
The hobgoblin shouts!
Found a scale mail.
Found a stone staircase leading up.
There is a stone staircase leading down here.
An ooze comes into view.
Casting: Shock
Confirm with . or Enter, or press ? or * to list all spells.
Aiming: Shock
Press: ? - help, Shift-Dir - straight line The zap hits the hobgoblin.
The hobgoblin is moderately wounded.
The zap hits the hobgoblin.
The hobgoblin is almost dead.
There is a stone staircase leading down here.
A bat comes into view.
Casting: Shock
Confirm with . or Enter, or press ? or * to list all spells.
Aiming: Shock
Press: ? - help, Shift-Dir - straight line The zap hits the hobgoblin.
You kill the hobgoblin!
A bat and a giant cockroach come into view.
A leopard gecko comes into view.
The giant cockroach completely misses you.
You scratch the giant cockroach.
The giant cockroach is almost dead.
The bat completely misses you. The giant cockroach bites you.
* * * LOW HITPOINT WARNING * * *
The giant cockroach bites you.
* * * LOW HITPOINT WARNING * * *
You scratch the giant cockroach.
You kill the giant cockroach!
Your Unarmed Combat skill increases to level 2!
The bat closely misses you.
You see here a giant cockroach corpse.
The bat closely misses you. The bat misses you.
Casting: Shock
Confirm with . or Enter, or press ? or * to list all spells.
Aiming: Shock
Press: ? - help, Shift-Dir - straight line The zap hits the bat.
You kill the bat!
A kobold comes into view. It is wielding a club.
Found a stone staircase leading down.
The leopard gecko hisses angrily.
The kobold shouts!
The leopard gecko misses you. The kobold hits you with a club.
* * * LOW HITPOINT WARNING * * *
The leopard gecko barely misses you.
Casting: Shock
Confirm with . or Enter, or press ? or * to list all spells.
Aiming: Shock
Press: ? - help, Shift-Dir - straight line The zap hits the leopard gecko.
The leopard gecko is moderately wounded.
The zap hits the leopard gecko.
The leopard gecko is heavily wounded.
The leopard gecko closely misses you.
Casting: Shock
Confirm with . or Enter, or press ? or * to list all spells.
Aiming: Shock
Press: ? - help, Shift-Dir - straight line The zap hits the leopard gecko.
The leopard gecko is severely wounded.
The zap misses the kobold.
The zap hits the kobold.
The kobold is moderately wounded.
The leopard gecko bites you.
You die...

#.# #.#
###.########
#######...........
#....†....########
#.#####.### #.#
#.# #.# #.## #@#
##...##
#l###.....##
..####K##.......#
..........K......#
##########....>..#
##.....## ##...##
####


You could see a leopard gecko and a kobold.

Vanquished Creatures
  An adder (D:2)
  A dart slug (D:1)
  4 leopard geckos
  2 bats (D:2)
  A giant cockroach (D:2)
  4 goblins (D:1)
  3 hobgoblins
  2 frilled lizards
  2 kobolds (D:2)
  2 rats (D:1)
22 creatures vanquished.

Vanquished Creatures (others)
  A rat (D:1)
1 creature vanquished.

Grand Total: 23 creatures vanquished

Notes
Turn   | Place    | Note
-------+----------+-------------------------------------------
     0 | D:1      | tidbits the Felid Air Elementalist began the quest for the Orb.
     0 | D:1      | Reached XP level 1. HP: 7/7 MP: 4/4
    23 | D:1      | Reached skill level 3 in Stealth
   103 | D:1      | Reached skill level 1 in Unarmed Combat
   147 | D:1      | Reached XP level 2. HP: 10/11 MP: 4/6
   279 | D:2      | Found a glowing silver altar of Zin.
   282 | D:2      | Became a worshipper of Zin the Law-Giver
   317 | D:2      | Reached skill level 4 in Stealth
   317 | D:2      | Reached XP level 3. HP: 12/14 MP: 3/7
   372 | D:3      | Found a radiant altar of Vehumet.
   373 | D:3      | Noticed Sigmund
   457 | D:2      | Reached skill level 2 in Unarmed Combat
   480 | D:2      | Slain by a leopard gecko

Skill      XL: |  1  2  3 |
---------------+----------+-----
Stealth        | 3 4 |  4.1
Unarmed Combat | 1 2 |  2.0
Dodging        | |  2.6
Spellcasting   | |  2.0
Conjurations   | |  0.8
Air Magic      | |  2.6

Action                   || total
-------------------------++-------
Melee: Unarmed           ||    25
       Bite              ||     1
 Cast: Shock             ||    19
 Stab: Sleeping          ||     5
  Eat: Chunk             ||     3
Armor: Skin              ||     1
Dodge: Dodged            ||    31

Table legend:
 A = Turns spent in this place as a percentage of turns spent in the entire game.
 B = Non-inter-level travel turns spent in this place as a percentage of non-inter-level travel turns spent in the entire game.
 C = Inter-level travel turns spent in this place as a percentage of turns spent in this place.
 D = Turns resting spent in this place as a percentage of non-inter-level travel turns spent in this place.
 E = Turns spent auto-exploring this place as a percentage of non-inter-level travel turns spent in this place.
 F = Non-inter-level travel turns spent in this place divided by the number of levels of this place that you've seen.
                   A       B       C       D       E      F
               +-------+-------+-------+-------+-------+----------------------
         Total | 100.0 | 100.0 |   0.0 |   0.0 |   0.0 | 160.0
       Dungeon | 100.0 | 100.0 |   0.0 |   0.0 |   0.0 | 160.0
               +-------+-------+-------+-------+-------+----------------------

Table legend:
 A = Kills in this place as a percentage of kills in entire the game.
 B = Kills by you in this place as a percentage of kills by you in the entire game.
 C = Kills by friends in this place as a percentage of kills by friends in the entire game.
 D = Other kills in this place as a percentage of other kills in the entire game.
 E = Experience gained in this place as a percentage of experience gained in the entire game.
 F = Experience gained in this place divided by the number of levels of this place that you have seen.
                   A       B       C       D       E      F
               +-------+-------+-------+-------+-------+----------------------
         Total | 100.0 | 100.0 |   N/A |   N/A | 100.0 |  18.0
       Dungeon | 100.0 | 100.0 |   N/A |   N/A | 100.0 |  18.0
               +-------+-------+-------+-------+-------+----------------------

Vault maps used:
D:1:      saegor_arrival_simple_a, minmay_statues_item
D:2:      minmay_wonky_spiral, zin_statuary
D:3:      lemuel_doored_altar, grunt_qazlal_clouds, fiery_altar_vehumet,
          serial_bayou_lagoon_a, uniq_sigmund
